 Dungeon Crawl Stone Soup version 0.31.0-4-g52a2dc7128 (webtiles) character file.

Game seed: 8734666925804394689

41 olmar the Trooper (level 3, 0/24 HPs)
             Began as a Gargoyle Fighter on Jan 22, 2024.
             Slain by a gnoll
             ... wielding a +0 whip
              (3 damage)
             ... on level 2 of the Dungeon.
             The game lasted 00:01:07 (1171 turns).

olmar the Trooper (Gargoyle Fighter)                Turns: 1171, Time: 00:01:07

Health: 0/24       AC: 11    Str: 21    XL:     3   Next: 52%
Magic:  3/3        EV:  9    Int:  8    God:
Gold:   54         SH:  4    Dex:  9    Spells: 2/2 levels left

rFire   . . .        a - +0 flail
rCold   . . .        c - +0 buckler
rNeg    + . .        b - +0 scale mail
rPois   ∞            (no helmet)
rElec   +            j - +0 cloak
rCorr   .            (no gloves)
SInv    .            (no boots)
Will    .....        (no amulet) Stlth
                     (no ring)
HPRegen 0.24/turn    (no ring)
MPRegen 0.08/turn

%: no passive effects
@: mighty
A: sickness immunity, AC +3, negative energy resistance 1, electricity
resistance, torment resistance 1, petrification resistance
a: no special abilities


You were on level 2 of the Dungeon.
You visited 1 branch of the dungeon, and saw 2 of its levels.

You collected 54 gold pieces.

Inventory:

Hand Weapons
 a - a +0 flail (weapon)
Armour
 b - a +0 scale mail (worn)
 c - a +0 buckler (worn)
 j - a +0 cloak (worn)
Jewellery
 e - an amulet of guardian spirit
 g - a ring of positive energy
Scrolls
 f - a scroll of vulnerability {unknown}
 h - a scroll of teleportation {unknown}


   Skills:
 + Level 3.8 Fighting
 + Level 2.5 Maces & Flails
 + Level 3.8 Armour
 - Level 0.1 Dodging
 + Level 3.6 Shields


You had 2 spell levels left.
You didn't know any spells.
Your spell library was empty.

Dungeon Overview and Level Annotations

Branches:
Dungeon (2/15)

Altars:

Shops:
D:1 :*(?


Innate Abilities, Weirdness & Mutations

You are immune to sickness and miasma.
Your stone body is resilient. (AC +3)
You are immune to poison.
You resist negative energy. (rN+)
You are resistant to electric shocks. (rElec)
You are resistant to unholy torment.
You are immune to petrification.


Message History

The gnoll hits you but does no damage.
You sock the gnoll!
The gnoll is severely wounded.
You block the gnoll's attack. The gnoll hits you but does no damage.
The gnoll closely misses you. The gnoll hits you with a +0 whip.
You barely miss the gnoll.
The gnoll is severely wounded.
The gnoll barely misses you. You block the gnoll's attack.
Unknown command.
You barely miss the gnoll.
The gnoll is severely wounded.
The gnoll hits you with a +0 spear. The gnoll hits you but does no damage.
You sock the gnoll!
You kill the gnoll!
The gnoll hits you with a +0 flail. The gnoll hits you with a +0 whip.
You are too injured to fight recklessly!
Unknown command.
Unknown command.
You are too injured to fight recklessly!
Unknown command.
You are too injured to fight recklessly!
Unknown command.
You aren't carrying any items that you can evoke.
Unknown command.
It was a potion of cancellation.
You feel magically purged. The gnoll hits you but does no damage.
The gnoll hits you with a +0 whip.
* * * LOW HITPOINT WARNING * * *
The gnoll closely misses you.
A gnoll comes into view. It is wielding a +0 flail.
The gnoll attacks as it pursues you! The gnoll hits you but does no damage.
Okay, then.
You aren't carrying any items that you can evoke.
Okay, then.
You feel very mighty all of a sudden.
The gnoll shouts!
Unknown command.
You barely miss the gnoll. The gnoll hits you with a +0 whip.
* * * LOW HITPOINT WARNING * * *
The gnoll hits you with a +0 whip.
You die...

# #### # #.. ############
#.#
.........).#######.###.###
##########.#....@gg.g.....
##########.#.#####.###...
..........................
...#######.#..............
...#######.#..####.###.#.#
...'................. ..
..)#######.#..####.### .#
...# #.#..# ... + ...###
#.#..# #.#


You could see 3 gnolls.

Vanquished Creatures
  A gnoll (D:2)
  3 dart slugs
  2 bats
  2 endoplasms (D:1)
  3 goblins
  2 jackals (D:1)
  A quokka (D:1)
  6 ball pythons
  2 frilled lizards
  2 kobolds
  A rat (D:1)
25 creatures vanquished.

Notes
Turn   | Place    | Note
-------+----------+-------------------------------------------
     0 | D:1      | olmar the Gargoyle Fighter began the quest for the Orb.
     0 | D:1      | Reached XP level 1. HP: 14/14 MP: 1/1
   176 | D:1      | Found Ebam's Magic Scroll Boutique.
   339 | D:1      | Reached XP level 2. HP: 19/19 MP: 2/2
   374 | D:1      | Found Zaucob's Assorted Antiques.
   380 | D:1      | Found Gogu's Book Emporium.
   742 | D:1      | Found Segg's Weapon Emporium.
   871 | D:2      | Reached XP level 3. HP: 24/24 MP: 3/3
  1171 | D:2      | Slain by a gnoll

Illustrated notes

Levels and vault maps discovered:
D:1:      ncdulo_smallfort, layout_loops_ring, serial_shops,
          nicolae_lakefront_shop, nicolae_shop_tiny_waterfront, shop, shop
D:2:      layout_basic, uniq_terence, uniq_sigmund

Action                     || total
---------------------------++-------
  Melee: Flail             ||    57
    Use: Potion            ||     2
 Armour: Scale mail        ||    44
  Dodge: Dodged            ||    29
  Block: Buckler           ||    11
